 Dungeon Crawl Stone Soup version 0.31-a0-631-g285b096dc4 (webtiles) character file.

Game seed: 13084025640011308943

295 inmateoo the Ducker (level 6, 0/4 HPs)
             Began as a Demonspawn Wanderer on Aug 26, 2023.
             Slain by an adder (4 damage)
             ... on level 4 of the Dungeon.
             The game lasted 00:03:39 (3098 turns).

inmateoo the Ducker (Demonspawn Wanderer)           Turns: 3098, Time: 00:03:40

HP:   0/4 (4)       AC:  0    Str: 12    XL:     6   Next: 11%
MP:   6/6           EV: 14    Int: 10    God:
Gold: 119           SH:  0    Dex: 18    Spells: 5/5 levels left

rFire   . . .        a - melded +2 sling
rCold   . . .        (shield currently unavailable)
rNeg    . . .        e - melded +0 robe
rPois   ∞            p - melded +1 helmet
rElec   +            t - melded +0 cloak
rCorr   .            (gloves currently unavailable)
SInv    .            (boots currently unavailable)
Will    .....        s - amulet of regeneration
Stlth   ++           (no ring)
HPRegen 1.00/turn    (no ring)
MPRegen 0.10/turn

%: no passive effects
@: storm-form, flying, lightly drained
A: cleaving, insubstantial, flying, reduced hp, (hooves 2), demonic magic 1
a: Blinkbolt, Begin Untransformation


You were on level 4 of the Dungeon.
You were a lightning-filled tempest!
You visited 1 branch of the dungeon, and saw 4 of its levels.

You collected 119 gold pieces.

Inventory:

Hand Weapons
 a - a +2 sling (melded)
 f - a +2 short sword of speed
Missiles
 w - a throwing net
Armour
 c - a +0 cloak
 e - a +0 robe (melded)
 p - a +1 helmet (melded)
 r - a +2 hat
 t - a +0 cloak (melded)
Jewellery
 s - an amulet of regeneration (around neck)
Talismans
 v - a storm talisman (active)
Scrolls
 g - 3 scrolls of identify {unknown}
 h - a scroll of fog {unknown}
 l - a scroll of amnesia {unknown}
 m - a scroll of enchant armour {unknown}
 o - a scroll of blinking {unknown}
 q - a scroll of immolation {unknown}
 u - a scroll of revelation {unknown}
Potions
 b - 2 potions of attraction
 d - a potion of lignification
 i - 2 potions of brilliance {unknown}
 j - a potion of heal wounds {unknown}
 k - a potion of might {unknown}
 n - a potion of enlightenment {unknown}


   Skills:
 + Level 3.3 Fighting
 - Level 3.6 Ranged Weapons
 + Level 2.1 Armour
 + Level 3.7 Dodging
 * Level 3.3 Unarmed Combat
 - Level 1.0 Evocations


You had 5 spell levels left.
You didn't know any spells.
Your spell library contained the following spells:

 Spells                   Type           Power      Damage    Failure   Level
 Foxfire                  Conj/Fire      0%         2x1d4     36%         1
 Blink                    Tloc           0%         N/A       50%         2
 Wereblood                Tmut           0%         N/A       50%         2
 Manifold Assault         Tloc           0%         N/A       98%         4
 Irradiate                Conj/Tmut      0%         3d11      100%        5
 Plasma Beam              Fire/Air       0%         2x1d10    100%        6
 Starburst                Conj/Fire      0%         6d3       100%        6


Dungeon Overview and Level Annotations

Branches:
Dungeon (4/15)
 Temple: D:4-7

Altars:

Shops:
D:4 [


Innate Abilities, Weirdness & Mutations

You are a lightning-filled tempest!
Your electrical attacks strike out in all directions at once.
You are incredibly evasive.
Your insubstantial body is immune to petrification, constriction, and being set on fire You are flying.
Your maximum health is decreased, since you lack skill for your form.
Your armour is entirely melded.
You are incapable of wielding weapons or throwing items.
You are immune to poison.
((You have hoof-like feet.))
Spells you cast may paralyse adjacent enemies.


Message History

You continue putting on your amulet of regeneration. x5
You finish putting on your amulet of regeneration.
The amulet throbs as it attunes itself to your uninjured body.
s - an amulet of regeneration (around neck)
Okay, then.
Unknown command.
You begin transforming.
You continue transforming. x3
You turn into a lightning-filled tempest!
Your +2 sling melds into your body.
Your +0 cloak melds into your body.
Your +1 helmet melds into your body.
Your +0 robe melds into your body.
HP restored.
Found a buckler and a robe.
No target in view!
No target in view!
Found 4 stones.
Found a buckler.
Found Elo Ategaz's Antique Armour Shop.
Found a robe and 12 gold pieces.
Found a buckler.
No target in view!
You see here a -2 buckler.
i - 2 bubbling golden potions (gained 1)
You see here a -2 buckler.
There is an entrance to Elo Ategaz's Antique Armour Shop here.
You can access your shopping list by pressing '$'.
You see here a -1 buckler.
You now have 119 gold pieces (gained 10).
An adder comes into view.
An adder is nearby!
Found 5 stones.
The adder hisses angrily.
The adder misses you.
You hit the adder.
The adder is moderately wounded.
The adder misses you.
You hit the adder.
The adder is heavily wounded.
The adder bites you.
Ouch! That really hurt!
You die...

.8 ...... ..#. ....
#...... .(.. #..#
###....... .... #..#
##.......... . ...
#..###...........
..###.# #...#.#.........
.......##...............
........#..#.[.[.#......
......Sv......∩..##.....
.............[.[.#......
........................
........................
........................
..............(.........
...........$............
...........##..##.......
... ##..........


You could see an adder.

Vanquished Creatures
  Crazy Yiuf (D:3)
  An orc priest (D:3)
  Natasha (thrice) (D:2)
  Terence (D:3)
  2 orc wizards (D:3)
  4 adders (D:2)
  A dart slug (D:1)
  5 orcs
  4 ball pythons
  4 endoplasms
  A giant cockroach (D:1)
  2 goblins
  3 hobgoblins
  3 kobolds
  3 quokkas
  4 bats
  6 frilled lizards
  5 rats
53 creatures vanquished.

Notes
Turn   | Place    | Note
-------+----------+-------------------------------------------
     0 | D:1      | inmateoo the Demonspawn Wanderer began the quest for the
                  | Orb.
     0 | D:1      | inmateoo set off with the following items: a +2 sling, a
                  | potion of attraction, a +0 cloak, a potion of
                  | lignification, a +0 robe.
     0 | D:1      | Reached XP level 1. HP: 16/16 MP: 1/1
   352 | D:1      | Gained mutation: You have large cloven feet. [demonic
                  | ancestry]
   352 | D:1      | Reached XP level 2. HP: 22/22 MP: 2/2
   427 | D:1      | Found a faded altar of an unknown god.
   525 | D:1      | Reached skill level 1 in Unarmed Combat
   730 | D:2      | Reached XP level 3. HP: 28/28 MP: 3/3
   947 | D:2      | Reached skill level 1 in Armour
  1193 | D:2      | Noticed Natasha
  1204 | D:2      | Killed Natasha
  1205 | D:2      | Reached XP level 4. HP: 23/34 MP: 4/4
  1467 | D:2      | Noticed Natasha
  1483 | D:2      | Killed Natasha
  1679 | D:2      | Noticed Natasha
  1688 | D:2      | Killed Natasha
  1689 | D:2      | Gained mutation: Spells you cast may paralyse adjacent
                  | enemies. [demonic ancestry]
  1689 | D:2      | Reached XP level 5. HP: 19/40 MP: 5/5
  2137 | D:3      | Noticed Terence
  2154 | D:3      | Killed Terence
  2318 | D:3      | Found a runed translucent door.
  2319 | D:3      | Noticed Crazy Yiuf
  2808 | D:3      | Killed Crazy Yiuf
  2809 | D:3      | Gained mutation: You have hoof-like feet. [demonic
                  | ancestry]
  2809 | D:3      | Reached XP level 6. HP: 11/46 MP: 6/6
  3075 | D:4      | Found Elo Ategaz's Antique Armour Shop.
  3098 | D:4      | Slain by an adder

Illustrated notes

Levels and vault maps discovered:
D:1:      co_arrival_random_square_maze, layout_loops_ring,
          basic_ecumenical_altar
D:2:      layout_basic, minivault_23, dk_vineyard_3, grunt_ministairs_15,
          skrybe_limestone_x, uniq_natasha
D:3:      layout_loops_corners, kennysheep_cross_room, minivault_27,
          due_unseen_surprise, uniq_crazy_yiuf_cottage, uniq_terence
D:4:      layout_cave_pools, serial_shops, nicolae_shop_stone, shop,
          nicolae_shop_scrapyard, serial_column_ruins, column_ruins_hut,
          column_ruins_columns_corner, column_ruins_corridor_straight,
          column_ruins_open_small, column_ruins_columns_T,
          column_ruins_columns_corner, column_ruins_columns_straight

Skill      XL: |  1  2  3  4  5 |
---------------+----------------+-----
Unarmed Combat | 1 2 3 |  3.3
Dodging        | 3 |  3.7
Armour         | 1 2 |  2.1
Fighting       | 3 |  3.3
Ranged Weapons | |  3.6
Evocations     | |  1.0

Action                     |  1- 3 |  4- 6 || total
---------------------------+-------+-------++-------
  Melee: Short sword       |     5 |    37 ||    42
         Kick              |     1 |    15 ||    16
         Unarmed           |       |     2 ||     2
   Fire: Sling             |    70 |    72 ||   142
 Armour: Robe              |     6 |     8 ||    14
  Dodge: Dodged            |    14 |    29 ||    43
   Form: Storm             |       |     1 ||     1

Table legend: (Time is in decaauts)
 A = Elapsed time spent in this place.
 B = Non-inter-level travel time spent in this place.
 C = Inter-level travel time spent in this place.
 D = Time resting spent in this place.
 E = Time spent auto-exploring this place.
 F = Levels seen in this place.
 G = Mean time per level.
                   A        B        C        D        E       F      G
               +--------+--------+--------+--------+--------+-----+--------+
         Total |   3118 |   3027 |     91 |    559 |   2038 |   4 |  779.5 |
       Dungeon |   3118 |   3027 |     91 |    559 |   2038 |   4 |  779.5 |
               +--------+--------+--------+--------+--------+-----+--------+

Top non-repeatable levels by time:
     D:3: 1181 daAuts
     D:2: 1147 daAuts
     D:1: 671 daAuts
     D:4: 118 daAuts
